 Dungeon Crawl Stone Soup version 0.30-a0-374-g95c0257040 (webtiles) character file.

Game seed: 12591071976532529002

823 Shayle the Trooper (level 7, 0/53 (55) HPs)
             Began as a Demonspawn Reaver on Nov 25, 2022.
             Splashed by a jelly's acid (4 damage)
             ... on level 5 of the Dungeon.
             The game lasted 00:12:57 (4552 turns).

Shayle the Trooper (Demonspawn Reaver)              Turns: 4552, Time: 00:12:58

HP:   0/53 (55)     AC: -6    Str: 11    XL:     7   Next: 63%
MP:   10/10         EV: 12    Int: 16    God:
Gold: 175           SH:  0    Dex: 15    Spells: 6/10 levels left

rFire   . . .      SeeInvis .    d - +2 dagger (venom)
rCold   . . .      Faith    .    (no shield)
rNeg    . . .      Spirit   .    b - +0 leather armour
rPois   .          Reflect  .    c - +0 helmet
rElec   .          Harm     .    f - +0 cloak
rCorr   .          Rampage  .    (no gloves)
Will    .....                    (no boots)
Stlth   ++........               (no amulet)
HPRegen 0.28/turn                (no ring)
MPRegen 0.24/turn                (no ring)

@: corroded, lightly drained, unable to drink
A: yellow scales 2, powered by death 1, magic regeneration, agile 1, screaming
1, shaggy fur 1, inability to drink after injury 1
a: no special abilities


You were on level 5 of the Dungeon.
You visited 2 branches of the dungeon, and saw 6 of its levels.

You collected 252 gold pieces.
You spent 77 gold pieces at shops.

Inventory:

Hand Weapons
 a - a +0 hand axe
 d - a +2 dagger of venom (weapon)
Armour
 b - a +0 leather armour (worn)
 c - a +0 helmet (worn)
 f - a +0 cloak (worn)
Wands
 j - a wand of flame (13)
Scrolls
 e - a scroll of noise {unknown}
 h - a scroll of poison {unknown}
 i - a scroll of amnesia
 k - 3 scrolls of teleportation
 l - a scroll of summoning {unknown}
 n - a scroll of enchant weapon {unknown}
 o - a scroll of immolation {unknown}
 p - 2 scrolls of silence
 q - 2 scrolls of magic mapping
 r - a scroll of fear {unknown}
Potions
 m - a potion of magic


   Skills:
 + Level 4.7 Fighting
 - Level 3.5 Axes
 + Level 2.7 Armour
 - Level 3.0 Dodging
 - Level 2.1 Stealth
 - Level 2.0 Spellcasting
 + Level 4.5 Conjurations
 + Level 2.9 Ice Magic


You had 6 spell levels left.
You knew the following spells:

 Your Spells              Type           Power      Damage    Failure   Level
a - Kiss of Death         Conj/Necr      32%        2d7       11%         1
b - Hailstorm             Conj/Ice       13%        3d5       17%         3

Your spell library contained the following spells:

 Spells                   Type           Power      Damage    Failure   Level
 Momentum Strike          Conj/Tloc      16%        3d8       16%         2


Dungeon Overview and Level Annotations

Branches:
Dungeon (5/15)             Temple (1/1) D:5

Altars:
Dithmenos
Hepliaklqana
Kikubaaqudgha
Makhleb
Okawaru
Ru
Sif Muna
Trog
Vehumet
Wu Jian
Yredelemnul

Shops:
D:2 ?


Innate Abilities, Weirdness & Mutations

You are mostly covered in yellow scales. (AC +3)
You regenerate a little health from kills.
You regenerate magic rapidly.
You are agile. (Dex +4, Str/Int -1)
You occasionally shout uncontrollably at your foes.
You are covered in fur. (AC +1)
You occasionally lose the ability to drink potions when taking damage.


Message History

Found 5 stones.
The jelly quivers.
The jelly misses you.
You hit the jelly but do no damage. The acid corrodes you!
Your hands burn!
The jelly closely misses you.
You hit the jelly.
Your hands burn!
The jelly is lightly wounded.
The jelly barely misses you.
You hit the jelly.
Your hands burn!
The jelly is lightly wounded.
The jelly completely misses you.
You hit the jelly but do no damage.
The jelly is poisoned.
The acid corrodes you!
Your hands burn!
The jelly is lightly wounded.
The jelly hits you.
You are splashed with acid!
You hit the jelly. The acid corrodes you!
Your hands burn!
The jelly is moderately wounded.
The jelly misses you.
You hit the jelly but do no damage. The acid corrodes you!
Your hands burn!
The jelly is moderately wounded.
The jelly closely misses you.
You hit the jelly but do no damage. The acid corrodes you!
Your hands burn!
The jelly is heavily wounded.
The jelly misses you.
You hit the jelly but do no damage.
Your hands burn!
The jelly is heavily wounded.
The jelly barely misses you.
You completely miss the jelly.
The jelly is heavily wounded.
The jelly hits you.
You are splashed with acid!
You feel threatened and lose the ability to drink potions!
* * * LOW HITPOINT WARNING * * *
Unknown command.
You hit the jelly but do no damage.
Your hands burn!
* * * LOW HITPOINT WARNING * * *
The jelly is severely wounded.
The jelly barely misses you.
Unknown command.
You hit the jelly but do no damage.
Your hands burn!
You die...

##.#.# #.####.#
#.#.## ##.#.# # #.#
#.#.# .#.#.# #.#
#.#.# .#.#.# #.#
#.#.# .#.#.# #.#
#.#.# .#.#.# # #.#
#.#.#
#.#.#####.##.###.#.#
#................#.#
####.#####.....J@...#
..............#######
####.##########
....... ####.### #.#
####.# #.# ......#
#.# ####..# #.# #..#
#.#


You could see a jelly (very poisoned).

Vanquished Creatures
  2 water moccasins (D:5)
  A black bear (D:5)
  A phantom (D:5)
  A scorpion (D:5)
  A gnoll bouda (D:3)
  A jelly (D:3)
  A hound (D:5)
  Ijyb (D:3)
  Terence (D:2)
  An iguana (D:5)
  3 gnolls
  8 adders
  A shadow imp (D:4)
  3 white imps
  An ufetubus (D:5)
  3 worms
  2 dart slugs
  7 orcs
  4 bats
  5 endoplasms
  2 giant cockroaches
  3 hobgoblins
  6 jackals
  5 kobolds
  4 quokkas
  7 ball pythons
  3 frilled lizards
  9 goblins
  6 rats
93 creatures vanquished.

Vanquished Creatures (others)
  7 demonic plants (D:4)
  10 fungi (D:4)
17 creatures vanquished.

Grand Total: 110 creatures vanquished

Notes
Turn   | Place    | Note
-------+----------+-------------------------------------------
     0 | D:1      | Shayle the Demonspawn Reaver began the quest for the Orb.
     0 | D:1      | Reached XP level 1. HP: 16/16 MP: 3/3
   269 | D:1      | Gained mutation: You are partially covered in yellow
                  | scales. (AC +2) [demonic ancestry]
   269 | D:1      | Reached XP level 2. HP: 22/22 MP: 5/5
   800 | D:1      | Reached skill level 1 in Stealth
  1068 | D:2      | Gained mutation: You are mostly covered in yellow scales.
                  | (AC +3) [demonic ancestry]
  1068 | D:2      | Reached XP level 3. HP: 27/28 MP: 6/6
  1374 | D:2      | Found Tifroc's Magic Scroll Shop.
  1381 | D:2      | Bought a scroll of identify for 22 gold pieces
  1381 | D:2      | Bought a scroll of teleportation for 33 gold pieces
  1381 | D:2      | Bought a scroll of identify for 22 gold pieces
  1658 | D:2      | Noticed Terence
  1670 | D:2      | Killed Terence
  1671 | D:2      | Reached XP level 4. HP: 31/34 MP: 7/7
  2057 | D:3      | HP: 1/35 [acid (5)]
  2059 | D:3      | Gained mutation: You regenerate a little health from kills.
                  | [demonic ancestry]
  2059 | D:3      | Reached XP level 5. HP: 23/41 MP: 8/8
  2196 | D:3      | Learned a level 3 spell: Hailstorm
  2238 | D:3      | Noticed Ijyb
  2261 | D:3      | Killed Ijyb
  2601 | D:3      | Found an ancient bone altar of Kikubaaqudgha.
  2817 | D:4      | Found an ornate altar of the Wu Jian Council.
  2860 | D:3      | Reached skill level 1 in Ice Magic
  2973 | D:4      | Reached XP level 6. HP: 46/47 MP: 9/9
  3112 | D:4      | Reached skill level 1 in Armour
  3213 | D:5      | Entered Level 5 of the Dungeon
  3287 | D:5      | Found a staircase to the Ecumenical Temple.
  3292 | Temple   | Entered the Ecumenical Temple
  3694 | D:5      | Noticed a water moccasin
  3707 | D:5      | Killed a water moccasin
  3708 | D:5      | Gained mutation: You regenerate magic rapidly. [demonic
                  | ancestry]
  3708 | D:5      | Reached XP level 7. HP: 37/54 MP: 10/10
  4184 | D:5      | Gained mutation: You occasionally lose the ability to drink
                  | potions when taking damage. [potion of mutation]
  4184 | D:5      | Gained mutation: You are agile. (Dex +4, Str/Int -1)
                  | [potion of mutation]
  4184 | D:5      | Gained mutation: You occasionally shout uncontrollably at
                  | your foes. [potion of mutation]
  4184 | D:5      | Gained mutation: You are covered in fur. (AC +1) [potion of
                  | mutation]
  4188 | D:5      | HP: 2/53 [poisoned by a water moccasin]
  4552 | D:5      | Splashed by a jelly's acid

Illustrated notes

Levels and vault maps discovered:
D:1:      dpeg_arrival_signposts, layout_basic
D:2:      layout_loops_ring, serial_shops, shop,
          nicolae_concentric_dashed_squares_mild, uniq_terence
D:3:      layout_basic, mainiacjoe_overflow_surrounded_room, uniq_ijyb
D:4:      layout_rooms, kennysheep_mini, serial_demonic, serial_demonic_b,
          serial_demonic_b, serial_demonic_a, serial_demonic_a,
          serial_demonic_g, serial_demonic_a, dreamdust_mushroom_princess,
          uniq_crazy_yiuf_cottage
D:5:      layout_basic, temple_statues
Temple:   jpeg_temple_clearing

Skill      XL: |  1  2  3  4  5  6 |
---------------+-------------------+-----
Dodging        | 2 3 |  3.0
Stealth        | 1 2 |  2.1
Axes           | 3 |  3.5
Fighting       | 3 4 |  4.7
Ice Magic      | 1 2 |  2.9
Armour         | 2 |  2.7
Conjurations   | 4 |  4.5
Spellcasting   | |  2.0

Action                   |  1- 3 |  4- 6 |  7- 9 || total
-------------------------+-------+-------+-------++-------
Melee: Dagger            |   125 |   224 |    70 ||   419
       Hand axe          |    11 |       |       ||    11
       Punch             |       |     2 |     2 ||     4
 Cast: Kiss of Death     |       |       |     1 ||     1
  Use: Scroll            |     4 |     1 |     1 ||     6
       Potion            |       |     1 |     2 ||     3
 Stab: Sleeping          |       |     3 |     1 ||     4
Armor: Leather armour    |    64 |    77 |    28 ||   169
Dodge: Dodged            |    63 |   130 |    53 ||   246

Table legend: (Time is in decaauts)
 A = Elapsed time spent in this place.
 B = Non-inter-level travel time spent in this place.
 C = Inter-level travel time spent in this place.
 D = Time resting spent in this place.
 E = Time spent auto-exploring this place.
 F = Levels seen in this place.
 G = Mean time per level.
                   A        B        C        D        E       F      G
               +--------+--------+--------+--------+--------+-----+--------+
         Total |   4553 |   4426 |    127 |    811 |   2431 |   6 |  758.8 |
       Dungeon |   4415 |   4306 |    109 |    811 |   2321 |   5 |  883.0 |
        Temple |    138 |    120 |     18 |      0 |    110 |   1 |  138.0 |
               +--------+--------+--------+--------+--------+-----+--------+

Top non-repeatable levels by time:
     D:5: 1140 daAuts
     D:3: 1096 daAuts
     D:1: 916 daAuts
     D:2: 869 daAuts
     D:4: 392 daAuts
  Temple: 138 daAuts
